 Dungeon Crawl Stone Soup version 0.30-a0-782-ge64f9170bb (webtiles) character file.

Game seed: 18419451687828536518

81 theswoord the Magician (level 4, -2/24 HPs)
             Began as a Deep Elf Air Elementalist on Feb 23, 2023.
             Slain by Sigmund
             ... wielding a +0 scythe of venom
              (11 damage)
             ... on level 2 of the Dungeon.
             The game lasted 00:01:30 (2347 turns).

theswoord the Magician (Deep Elf Air Elementalist)  Turns: 2347, Time: 00:01:31

Health: -2/24      AC:  3    Str:  5    XL:     4   Next: 19%
Magic:  11/12      EV: 12    Int: 22    God:
Gold:   65         SH:  0    Dex: 15    Spells: 8/11 levels left

rFire   . . .      SeeInvis .    e - +2 short sword (venom)
rCold   . . .      Faith    .    (no shield)
rNeg    . . .      Spirit   .    a - +1 robe
rPois   .          Reflect  .    (no helmet)
rElec   .          Harm     .    (no cloak)
rCorr   .          Rampage  .    (no gloves)
Will    .....                    (no boots)
Stlth   ++                       (no amulet)
HPRegen 0.24/turn                (no ring)
MPRegen 0.13/turn                (no ring)

@: lethally poisoned (-2 -> -6), attractive
A: no striking features
a: no special abilities


You were on level 2 of the Dungeon.
You visited 1 branch of the dungeon, and saw 2 of its levels.

You collected 65 gold pieces.

Inventory:

Hand Weapons
 e - a +2 short sword of venom (weapon)
Armour
 a - a +1 robe (worn)
Scrolls
 d - 3 scrolls of fog
Potions
 b - a potion of magic
 f - a potion of invisibility {unknown}
 g - a potion of heal wounds {unknown}
 h - a potion of cancellation {unknown}


   Skills:
 - Level 2.4 Dodging
 - Level 2.4 Stealth
 + Level 4.2 Spellcasting
 + Level 2.6 Conjurations
 + Level 3.8 Air Magic


You had 8 spell levels left.
You knew the following spells:

 Your Spells              Type           Power      Damage    Failure   Level
a - Shock                 Conj/Air       76%        1d7       3%          1
b - Static Discharge      Conj/Air       38%        2-4/arc   4%          2

Your spell library contained the following spells:

 Spells                   Type           Power      Damage    Failure   Level
 Swiftness                Air            21%        N/A       7%          3
 Airstrike                Air            10%        2d(2-18)  22%         4
 Flame Wave               Conj/Fire      10%        2d6       54%         4
 Fulminant Prism          Conj/Hex       5%         3d7       54%         4
 Chain Lightning          Conj/Air       9%         3d12      100%        9


Dungeon Overview and Level Annotations

Branches:
Dungeon (2/15)

Altars:

Annotations:
D:2 Sigmund


Message History

A goblin comes into view. It is wielding a +0 dagger.
The goblin shouts!
The goblin hits you with a +0 dagger.
A goblin is nearby!
A goblin is nearby!
A goblin is nearby!
The zap hits the goblin.
You kill the goblin!
You can't see any susceptible monsters within range! (Use Z to cast anyway.)
You can't see any susceptible monsters within range! (Use Z to cast anyway.)
h - a golden potion
Things that are here:
a +0 dagger; a +0 chain mail
There is a stone staircase leading up here.
Found a stone staircase leading down.
There is a stone staircase leading down here.
Sigmund the Dreaded comes into view.
He is wielding a +0 scythe of venom.
Sigmund is nearby!
Sigmund is nearby!
Aim: Sigmund, wielding a +0 scythe of venom and wearing a +0 robe (asleep, 100% to hit)
The zap hits Sigmund.
Sigmund shouts!
Sigmund gestures wildly while chanting.
Sigmund flickers and vanishes!
Deactivating autopickup; reactivate with Ctrl-A.
You can't see any susceptible monsters within range! (Use Z to cast anyway.)
You can't see any susceptible monsters within range! (Use Z to cast anyway.)
You can't see any susceptible monsters within range! (Use Z to cast anyway.)
You can't see any susceptible monsters within range! (Use Z to cast anyway.) It was a potion of attraction.
You feel attractive to monsters. Something is attracted toward you.
Something hits you!
Ouch! That really hurt!
* * * LOW HITPOINT WARNING * * *
You are poisoned.
Something is attracted toward you.
You hit something but do no damage.
You feel sick.
You hit something.
You feel sick. Something hits you!
You die...

############
.....>.....#
##########.# # #.# #
#.############# #
#######.##...@{ยง.....
#
#.......##..#####.###
# # # #...........#
###.### .# ## #
#..###..###.#
#.....#..# .. # #..#
#..# #.# #.#.#.#..#
#.## ####..###..# #.#
#........ ..#.
.......##..# #.#
#.#.#.#.. ...
#####.###..# #.#
#.....#.# #.
.....#.....#
#.###.#.###.# #.


There were no monsters in sight!

Vanquished Creatures
  Terence (D:2)
  An adder (D:2)
  A worm (D:2)
  5 ball pythons (D:1)
  5 bats
  5 endoplasms (D:1)
  3 hobgoblins (D:1)
  4 jackals (D:1)
  4 quokkas (D:1)
  2 frilled lizards (D:1)
  3 goblins
  4 kobolds (D:1)
  3 rats
41 creatures vanquished.

Notes
Turn   | Place    | Note
-------+----------+-------------------------------------------
     0 | D:1      | theswoord the Deep Elf Air Elementalist began the quest for
                  | the Orb.
     0 | D:1      | Reached XP level 1. HP: 10/10 MP: 6/6
   206 | D:1      | Reached XP level 2. HP: 15/15 MP: 6/8
   898 | D:1      | Reached XP level 3. HP: 19/19 MP: 3/10
  1768 | D:2      | Reached skill level 4 in Spellcasting
  1836 | D:2      | Learned a level 2 spell: Static Discharge
  2056 | D:2      | Got the Verses on Injury
  2114 | D:2      | Noticed Terence
  2122 | D:2      | Killed Terence
  2123 | D:2      | Reached XP level 4. HP: 19/24 MP: 2/12
  2342 | D:2      | Noticed Sigmund
  2347 | D:2      | Slain by Sigmund

Skill      XL: |  1  2  3 |
---------------+----------+-----
Conjurations   | 2 |  2.6
Spellcasting   | 4 |  4.2
Dodging        | |  2.4
Stealth        | |  2.4
Air Magic      | |  3.8

Action                     |  1- 3 |  4- 6 || total
---------------------------+-------+-------++-------
  Melee: Short sword       |       |     2 ||     2
   Cast: Shock             |    98 |     2 ||   100
    Use: Scroll            |     3 |       ||     3
         Potion            |       |     1 ||     1
 Armour: Robe              |     1 |       ||     1
  Dodge: Dodged            |     9 |       ||     9

Levels and vault maps discovered:
D:1:      amcnicky_arrival_choice, layout_basic
D:2:      layout_loops_ring, uniq_terence, uniq_sigmund
